 Dungeon Crawl Stone Soup version 0.18.1-48-g4cf74bf (webtiles) character file.

758 MistressOfTheDunes the Insei (level 7, -1/52 HPs)
             Began as a Mummy Monk on July 15, 2016.
             Slain by an orc wizard
             ... wielding a +0 dagger
              (4 damage)
             ... on level 6 of the Dungeon.
             The game lasted 00:16:07 (8537 turns).

MistressOfTheDunes the Insei (Mummy Monk)           Turns: 8537, Time: 00:16:08

Health: -1/52      AC:  2    Str: 15    XL:     7   Next: 50%
Magic:  7/7        EV: 16    Int:  9    God:
Gold:   206        SH:  5    Dex: 16    Spells: 0 memorised, 6 levels left

rFire  x . .     SeeInvis .       - Unarmed
rCold  + . .     Gourm    .     (no armour)
rNeg   + + +     Faith    .     e - +0 buckler
rPois  ∞         Spirit   .     (no helmet)
rElec  .         Dismiss  .     (no cloak)
rCorr  .         Reflect  .     m - +0 pair of gloves
SustAt .         Harm     .     n - +0 pair of boots
MR     .....                    (no amulet)
Stlth  ++........               g - +1 ring of evasion
                                k - ring of poison resistance

@: not resistant to hostile enchantments, unstealthy
A: no food or potions, fire vulnerability, cold resistance 1, negative energy
resistance 3, torment resistance, unbreathing
a: no special abilities


You were on level 6 of the Dungeon.
You were not hungry.

You visited 1 branch of the dungeon, and saw 7 of its levels.

You collected 206 gold pieces.


Innate Abilities, Weirdness & Mutations

You do not eat or drink.
Your flesh is vulnerable to fire.
You are immune to poison.
Your flesh is cold resistant.
You are immune to negative energy.
You are immune to unholy pain and torment.
You can survive without breathing.


   Skills:
 - Level 3.0 Fighting
 - Level 4.8 Dodging
 - Level 1.5 Stealth
 - Level 4.0 Shields
 + Level 5.0 Unarmed Combat


You had 6 spell levels left.
You didn't know any spells.

Inventory:

Armour
 e - a +0 buckler (worn)
 m - a +0 pair of gloves (worn)
 n - a +0 pair of boots (worn)
 p - the cursed +1 robe "Wej Naitt" {rC+, unknown}

   It protects you from cold.
   It has a curse placed upon it.
Jewellery
 g - a +1 ring of evasion (right hand)
 k - a ring of poison resistance (left hand)
Scrolls
 a - 3 scrolls of magic mapping
 b - a scroll of noise {unknown}
 c - 3 scrolls of enchant weapon
 d - a scroll of fog
 f - 4 scrolls of identify {@r1}
 i - a scroll of teleportation {unknown}
 l - a scroll of amnesia {unknown}
 o - a scroll of remove curse
 q - a scroll of fear {unknown}

Dungeon Overview and Level Annotations

Branches:
Dungeon (7/15)             Temple (0/1) D:5

Altars:
Ashenzari
Dithmenos
Fedhas
Makhleb
Nemelex Xobeh
Okawaru
Vehumet
Xom
Yredelemnul
The Shining One

Shops:
D:5 }

Annotations:
D:6 exclusion: orc wizard, Dowan

▒▒▒..▒▒▒▒▒▒▒.▒▒▒.▒ ▒▒o.. ▒ ▒.▒▒
▒........▒ ..... ▒▒▒.▒ ▒........▒
.▒▒▒▒ ....▒ ▒........▒ .. ▒▒▒▒▒
▒........▒ . ▒. ▒.......▒▒ ▒. ▒▒.
▒.......▒ ▒▒▒▒▒.o▒..
▒.......▒▒▒▒▒▒▒▒.. ......
▒▒▒▒...oM5....▒▒.▒ ▒..▒..
▒.▒▒▒▒▒▒▒▒.▒▒.▒▒▒.....
▒▒▒▒▒▒▒▒▒.▒▒▒▒▒▒▒..[....▒▒....
▒.......................▒▒▒▒▒▒
▒▒▒▒..▒▒▒▒▒▒▒▒▒▒▒▒▒▒.............
O.....▒ ▒▒.▒▒.▒▒▒▒▒▒▒▒ ......▒
▒▒▒▒▒▒ ▒▒▒▒▒▒▒


You could see an orc wizard and a shadow imp.


Message History

The orc wizard seems to speed up!
The crimson imp shouts!!!
The crimson imp hits you! * * * don't die
* * * The crimson imp closely misses you!
The crimson imp blinks!!!
The shadow imp shouts, "Get thee gone, thou surly doghearted fogey!!!"
The crimson imp completely misses you!
The orc wizard mumbles some strange words!
The orc wizard blinks!!!
You see here a ring mail!
The crimson imp shouts, "Scamper away, thou droning undead fustilarian!!!"
The orc wizard gestures at you while chanting!
The magic dart hits you!!! * * * don't die
* * * The crimson imp blinks!!!
You swing at nothing!
The orc wizard barely misses you!
You pummel the orc wizard like a punching bag!
The orc wizard is lightly wounded!
The orc wizard barely misses you!
You pulverise the orc wizard!
The orc wizard is heavily wounded!
The orc wizard hits you with a dagger! * * * don't die
* * * You squash the orc wizard but do no damage!
The orc wizard is heavily wounded!
The orc wizard casts a spell!
The orc wizard blinks!!!
You closely miss the shadow imp!
The orc wizard hits you with a dagger! rip

Action                   |  1- 3 |  4- 6 |  7- 9 || total
-------------------------+-------+-------+-------++-------
Melee: Unarmed           |    96 |   306 |   223 ||   625
       Punch             |     1 |       |       ||     1
  Use: Scroll            |       |       |     6 ||     6
 Stab: Sleeping          |     4 |     3 |     3 ||    10
Armor: Skin              |       |     3 |    16 ||    19
Dodge: Dodged            |    70 |   188 |   122 ||   380
Block: Buckler           |     2 |    58 |    48 ||   108

Vault maps used:
D:1:      minmay_arrival_stair_chambers
D:2:      grunt_temple_overflow_holy_war, gammafunk_temple_overflow_wave,
          xom_redecorated, moated_statue, minmay_splitting_lines,
          minmay_ruptured
D:3:      okawaru_metal_pillars_1_2, grunt_ministairs_12, uniq_jessica
D:4:      nemelex_altar_shiori, nicolae_dithmenos_shadow_blocks, first_bread,
          kennysheep_opposing_triangles
D:5:      minmay_goblin_kobold_castle, minmay_temple_entry_from_below_a,
          serial_shops, nicolae_shop_behind_doors, minmay_misc_feat_tower
D:6:      nicolae_overflow_crystal_walls, uniq_duvessa
D:7:      nicolae_ru_the_path_less_chosen, ashenzari_conservatory_becter,
          uniq_joseph

Notes
Turn   | Place    | Note
--------------------------------------------------------------
     0 | D:1      | MistressOfTheDunes the Mummy Monk began the quest for the Orb.
     0 | D:1      | Reached XP level 1. HP: 18/18 MP: 1/1
   361 | D:1      | Reached XP level 2. HP: 20/24 MP: 2/2
   945 | D:2      | Reached skill level 4 in Unarmed Combat
   979 | D:2      | Found a radiant altar of Vehumet.
   979 | D:2      | Found a burning altar of Makhleb.
  1054 | D:2      | buuuckler
  1080 | D:2      | Reached XP level 3. HP: 21/29 MP: 3/3
  1137 | D:2      | Found a shimmering altar of Xom.
  1139 | D:2      | Found a shimmering altar of Xom.
  1152 | D:2      | Found a shimmering altar of Xom.
  1306 | D:2      | Found a basalt altar of Yredelemnul.
  1311 | D:2      | Found a glowing golden altar of the Shining One.
  1313 | D:2      | Noticed an angel
  1770 | D:2      | Noticed a profane servitor
  1815 | D:3      | Reached skill level 1 in Shields
  1926 | D:3      | Reached skill level 2 in Shields
  1926 | D:3      | Reached XP level 4. HP: 23/35 MP: 4/4
  3028 | D:3      | Noticed Jessica
  3042 | D:3      | Killed Jessica
  3042 | D:3      | Reached skill level 3 in Shields
  3042 | D:3      | Reached XP level 5. HP: 33/41 MP: 5/5
  3198 | D:3      | Found an iron altar of Okawaru.
  3683 | D:4      | Found a sparkling altar of Nemelex Xobeh.
  4073 | D:3      | HP: 4/41 [something (2)]
  4075 | D:3      | Reached skill level 3 in Dodging
  4400 | D:4      | Found a shadowy altar of Dithmenos.
  4522 | D:4      | HP: 3/41 [adder (2)]
  4523 | D:4      | Reached XP level 6. HP: 4/47 MP: 6/6
  4884 | D:4      | You fall through a shaft for 3 floors!
  4925 | D:7      | Found a shattered altar of Ashenzari.
  5299 | D:6      | Found a blossoming altar of Fedhas.
  5812 | D:6      | Noticed a sky beast
  6174 | D:6      | Noticed Dowan
  6196 | D:5      | Entered Level 5 of the Dungeon
  6216 | D:4      | Reached skill level 5 in Unarmed Combat
  6537 | D:5      | Found Waunk's Gadget Shoppe.
  6551 | D:5      | Reached XP level 7. HP: 52/52 MP: 7/7
  6585 | D:5      | Reached skill level 4 in Shields
  7060 | D:4      | Got a transparent robe
  7066 | D:5      | Found a staircase to the Ecumenical Temple.
  7118 | D:5      | Reached skill level 4 in Dodging
  8448 | D:6      | HP: 4/52 [crimson imp (4)]
  8466 | D:6      | HP: 4/52 [crimson imp (3)]
  8528 | D:6      | HP: 3/52 [orc wizard/magic dart (8)]
  8535 | D:6      | HP: 3/52 [orc wizard/dagger (1)]
  8537 | D:6      | Slain by an orc wizard

Vanquished Creatures
  A giant frog (D:6)
  A scorpion (D:6)
  A howler monkey (D:3)
  3 hounds
  An orc priest (D:4)
  A centaur skeleton (D:6)
  4 orc wizards
  Jessica (D:3)
  5 worker ants
  A howler monkey skeleton (D:5)
  8 adders
  A shadow imp (D:4)
  3 oozes
  3 worms
  2 dart slugs
  2 giant geckos (D:3)
  12 orcs
  2 ball pythons
  5 giant cockroaches
  7 goblins
  7 hobgoblins
  16 jackals
  A quokka (D:3)
  7 bats
  3 giant newts
  4 kobolds
  8 rats
110 creatures vanquished.

Vanquished Creatures (others)
  An orc (D:4)
1 creature vanquished.

Grand Total: 111 creatures vanquished
